 Dungeon Crawl Stone Soup version 0.24-a0-123-ga2403f3307 (webtiles) character file.

Game seed: 1371304771596986384

1111 MrRokkomies the Magician (level 8, 0/63 HPs)
             Began as a Gnoll Wanderer on Feb 21, 2019.
             Was a Follower of Okawaru.
             Succumbed to a goblin's poison
             ... on level 4 of the Dungeon.
             The game lasted 00:12:30 (5757 turns).

MrRokkomies the Magician (Gnoll Wanderer)           Turns: 5757, Time: 00:12:30

Health: 0/63       AC: 16    Str: 11 (13) XL:     8   Next: 33%
Magic:  21/21      EV:  8    Int: 13 (15) God:    Okawaru [*.....]
Gold:   264        SH:  4    Dex: 15 (18) Spells: 17/22 levels left

rFire    . . .     SeeInvis .   a - +2 flail (drain)
rCold    . . .     Gourm    .   w - +0 buckler
rNeg     . . .     Faith    .   d - +2 scale mail
rPois    .         Spirit   .   (helmet restricted)
rElec    .         Reflect  .   m - +2 cloak
rCorr    .         Harm     .   (no gloves)
MR       .....                  p - +0 pair of boots
Stlth    ++........             (no amulet)
HPRegen  0.20/turn              t - ring of stealth
MPRegen  0.17/turn              s - +3 ring of protection

@: lethally poisoned (0 -> -8), berserk cooldown, slowed, heavily drained, very
slow
A: distributed training, antennae 1, fangs 1, high mp 1, robust 1, strong nose
a: Heroism, Renounce Religion


You were on level 4 of the Dungeon.
You worshipped Okawaru.
Okawaru was aware of your devotion.
You were not hungry.

You visited 2 branches of the dungeon, and saw 6 of its levels.

You collected 264 gold pieces.

Inventory:

Hand Weapons
 a - a +2 flail of draining (weapon)
 b - a +0 blowgun
 g - a +2 dagger of venom
 u - a +0 hunting sling
Missiles
 e - 14 poisoned needles
 r - 3 curare-tipped needles
 v - 79 stones (quivered)
Armour
 d - a +2 scale mail (worn)
 m - a +2 cloak (worn)
 p - a +0 pair of boots (worn)
 w - a +0 buckler (worn)
Jewellery
 s - a +3 ring of protection (right hand)
 t - a ring of stealth (left hand)
Wands
 c - a wand of digging (5)
Scrolls
 i - a scroll of fog
 k - 5 scrolls of teleportation
 n - a scroll of enchant armour
 y - a scroll of enchant weapon
Potions
 h - 2 potions of magic
Comestibles
 f - 6 rations


   Skills:
 + Level 3.1(1.5) Fighting
 + Level 3.1(1.5) Short Blades
 + Level 3.1(1.5) Long Blades
 + Level 3.1(1.5) Axes
 + Level 3.1(1.5) Maces & Flails
 + Level 3.1(1.5) Polearms
 + Level 3.1(1.5) Staves
 + Level 3.1(1.5) Slings
 + Level 4.1(2.5) Bows
 + Level 3.1(1.5) Crossbows
 + Level 3.1(1.5) Throwing
 + Level 5.6(3.9) Armour
 + Level 3.1(1.5) Dodging
 + Level 3.1(1.5) Stealth
 + Level 3.1(1.5) Shields
 + Level 3.1(1.5) Unarmed Combat
 + Level 7.8(6.1) Spellcasting
 + Level 2.5(1.0) Conjurations
 + Level 2.5(1.0) Hexes
 + Level 2.5(1.0) Charms
 + Level 2.5(1.0) Summonings
 + Level 2.5(1.0) Necromancy
 + Level 2.5(1.0) Translocations
 + Level 2.5(1.0) Transmutations
 + Level 3.3(1.8) Fire Magic
 + Level 3.3(1.8) Ice Magic
 + Level 2.5(1.0) Air Magic
 + Level 2.5(1.0) Earth Magic
 + Level 2.5(1.0) Poison Magic
 + Level 3.4(1.8) Invocations
 + Level 5.6(3.9) Evocations


You had 17 spell levels left.
You knew the following spells:

 Your Spells              Type           Power        Failure   Level  Hunger
a - Freeze                Ice            #...         50%         1    None
b - Shroud of Golubria    Chrm/Tloc      #.........   77%         2    ##.....
c - Swiftness             Chrm/Air       #.......     77%         2    ##.....

Your spell library contained the following spells:

 Spells                   Type           Power        Failure   Level  Hunger
 Ozocubu's Armour         Chrm/Ice       #.......     90%         3    ###....


Dungeon Overview and Level Annotations

Branches:
Dungeon (5/15)             Temple (1/1) D:4

Altars:
Ashenzari
Cheibriados
Dithmenos
Elyvilon
Fedhas
Gozag
Hepliaklqana
Kikubaaqudgha
Nemelex Xobeh
Okawaru
Qazlal
Ru
Sif Muna
Trog
Uskayaw
Wu Jian
Yredelemnul
Zin
The Shining One

Shops:
D:5 :

Annotations:
D:5 1 runed translucent door, LLavrengius's ghost, novice GrFi


Innate Abilities, Weirdness & Mutations

Your experience applies equally to all skills.
You have very sharp teeth.
Your uncanny sense of smell can sniff out nearby items.
You have a pair of small antennae on your head.
You have an increased reservoir of magic. (+10% MP)
You are robust. (+10% HP)


Message History

You feel your anger nearly subside.
You are no longer berserk.
You are exhausted.
You feel yourself slow down.
* * * LOW HITPOINT WARNING * * *
You feel sick.
It was a potion of degeneration.
There was something very wrong with that liquid.
You feel weakened.
You feel dopey.
You feel clumsy.
* * * LOW HITPOINT WARNING * * *
You feel very sick.
There is a lethal amount of poison in your body!
* * * LOW HITPOINT WARNING * * *
You feel sick.
* * * LOW HITPOINT WARNING * * *
You feel sick.
* * * LOW HITPOINT WARNING * * *
You feel sick.
* * * LOW HITPOINT WARNING * * *
You feel sick.
You die...

......# ##.......#
......##
##..#+###.##
#......#
##..##.###..#
##.....#
##..##...###.#
.##...##
#..##†....##.#
..##{##
#..+)).8...#.#
#..{o#
#..###...#####
##.o.## #...##...#
..)⌠..# ###g###.@.#
##(.(.###.#.g##.>.#
#....(##...g.##...#
..##.........######
.##...#.........#
##..###..g((..(.##
#..#####.........#
....#............#
#..##.........####


There were no monsters in sight!

Vanquished Creatures
  Menkaure (D:4)
  Duvessa (D:5)
  A sky beast (D:5)
  2 centaurs
  Dowan (D:5)
  A howler monkey (D:4)
  A centaur skeleton (D:5)
  3 orc priests (D:5)
  Terence (D:3)
  An iguana (D:5)
  2 orc wizards (D:5)
  5 worker ants
  A worker ant zombie (D:5)
  6 adders
  A shadow imp (D:5)
  2 oozes (D:1)
  An adder skeleton (D:4)
  3 worms
  A leopard gecko (D:3)
  13 orcs
  6 bats
  5 giant cockroaches
  14 goblins
  8 hobgoblins
  3 jackals (D:1)
  A quokka (D:4)
  2 ball pythons
  6 frilled lizards
  11 kobolds
  7 rats
111 creatures vanquished.

Vanquished Creatures (others)
  2 withered plants (D:5)
2 creatures vanquished.

Grand Total: 113 creatures vanquished

Notes
Turn   | Place    | Note
-------+----------+-------------------------------------------
     0 | D:1      | MrRokkomies the Gnoll Wanderer began the quest for the Orb.
     0 | D:1      | MrRokkomies set off with the following items: a +2 scale
                  | mail, a +0 dagger, a ration; and the following spell
                  | memorised: Freeze; and the following spells available to
                  | memorise: Shroud of Golubria, Swiftness, Ozocubu's Armour
     0 | D:1      | Reached XP level 1. HP: 13/13 MP: 8/8
   126 | D:1      | Reached XP level 2. HP: 17/19 MP: 10/10
   660 | D:1      | Reached XP level 3. HP: 25/25 MP: 11/11
   674 | D:1      | You fall through a shaft!
  1133 | D:2      | Reached skill level 1 in Invocations
  1444 | D:2      | Reached skill level 1 in Fighting
  1444 | D:2      | Reached skill level 1 in Short Blades
  1444 | D:2      | Reached skill level 1 in Long Blades
  1444 | D:2      | Reached skill level 1 in Axes
  1444 | D:2      | Reached skill level 1 in Maces & Flails
  1444 | D:2      | Reached skill level 1 in Polearms
  1444 | D:2      | Reached skill level 1 in Staves
  1444 | D:2      | Reached skill level 1 in Slings
  1444 | D:2      | Reached skill level 1 in Crossbows
  1444 | D:2      | Reached skill level 1 in Throwing
  1444 | D:2      | Reached skill level 1 in Dodging
  1444 | D:2      | Reached skill level 1 in Stealth
  1444 | D:2      | Reached skill level 1 in Shields
  1444 | D:2      | Reached skill level 1 in Unarmed Combat
  1523 | D:2      | Found an ornate altar of the Wu Jian Council.
  1579 | D:2      | Found a hide-covered altar of Uskayaw.
  1582 | D:2      | Found a sacrificial altar of Ru.
  1585 | D:2      | Found a white marble altar of Elyvilon.
  1731 | D:3      | Reached XP level 4. HP: 29/32 MP: 13/13
  2284 | D:3      | Noticed Terence
  2301 | D:3      | Killed Terence
  2301 | D:3      | Reached skill level 1 in Conjurations
  2301 | D:3      | Reached skill level 1 in Hexes
  2301 | D:3      | Reached skill level 1 in Charms
  2301 | D:3      | Reached skill level 1 in Summonings
  2301 | D:3      | Reached skill level 1 in Necromancy
  2301 | D:3      | Reached skill level 1 in Translocations
  2301 | D:3      | Reached skill level 1 in Transmutations
  2301 | D:3      | Reached skill level 1 in Air Magic
  2301 | D:3      | Reached skill level 1 in Earth Magic
  2301 | D:3      | Reached skill level 1 in Poison Magic
  2513 | D:3      | Reached XP level 5. HP: 37/37 MP: 14/14
  2554 | D:3      | Learned a level 2 spell: Shroud of Golubria
  2557 | D:3      | Learned a level 2 spell: Swiftness
  2729 | D:3      | Found a glowing silver altar of Zin.
  3348 | D:4      | Found a staircase to the Ecumenical Temple.
  3370 | Temple   | Entered the Ecumenical Temple
  3756 | Temple   | Became a worshipper of Warmaster Okawaru
  3796 | D:4      | Noticed a centaur
  3806 | D:4      | Killed a centaur
  3806 | D:4      | Reached XP level 6. HP: 33/44 MP: 16/16
  3850 | D:4      | Reached skill level 5 in Armour
  3850 | D:4      | Reached skill level 5 in Evocations
  3985 | D:4      | Noticed Menkaure
  4008 | D:5      | Entered Level 5 of the Dungeon
  4046 | D:5      | Reached * piety under Okawaru
  4046 | D:5      | Reached XP level 7. HP: 22/50 MP: 18/18
  4236 | D:5      | Found a runed translucent door.
  4236 | D:5      | Noticed LLavrengius's ghost (novice GrFi)
  4414 | D:5      | Found an ancient bone altar of Kikubaaqudgha.
  4710 | D:5      | Found Ciedocw's Book Shop.
  4716 | D:5      | Noticed Duvessa
  4717 | D:5      | Noticed Dowan
  4746 | D:5      | Killed Duvessa
  4747 | D:5      | Killed Dowan
  4762 | D:5      | Reached XP level 8. HP: 30/57 MP: 19/19
  5346 | D:4      | Gained mutation: You are robust. (+10% HP) [potion of
                  | mutation]
  5346 | D:4      | Gained mutation: You have an increased reservoir of magic.
                  | (+10% MP) [potion of mutation]
  5346 | D:4      | Gained mutation: You have a pair of small antennae on your
                  | head. [potion of mutation]
  5349 | D:4      | HP: 3/63 [??? (1)]
  5350 | D:4      | Killed Menkaure
  5355 | D:4      | HP: 1/63 [something/magic dart (4)]
  5755 | D:4      | HP: 2/63 [poisoned by a goblin]
  5757 | D:4      | Succumbed to a goblin's poison

Levels and vault maps discovered:
D:1:      mrwooster_arrival_statue_3, layout_basic, minmay_tetromino_i2
D:2:      layout_basic, grunt_temple_overflow_diamond, lemuel_doored_altar
D:3:      layout_loops_corners, overflow_temple_1_default, st_stairs_13,
          minmay_misc_feat_roman, uniq_terence
D:4:      layout_cave_pools, vehumet_altar_wand_db, minmay_temple_entry_waves,
          abandoned_shop, grunt_ministairs_14, uniq_robin, uniq_menkaure
D:5:      layout_loops_corners, kiku_gazebo_pond_becter, serial_shops,
          nicolae_shop_behind_doors, gammafunk_ghost_grave, first_ration,
          uniq_duvessa
Temple:   nicolae_temple_figure_eight

Skill      XL: |  1  2  3  4  5  6  7  8 |
---------------+-------------------------+-----
Fire Magic     | 2 3 |  3.3
Ice Magic      | 2 3 |  3.3
Invocations    | 1 2 3 |  3.4
Fighting       | 1 2 3 |  3.1
Short Blades   | 1 2 3 |  3.1
Long Blades    | 1 2 3 |  3.1
Axes           | 1 2 3 |  3.1
Maces & Flails | 1 2 3 |  3.1
Polearms       | 1 2 3 |  3.1
Staves         | 1 2 3 |  3.1
Slings         | 1 2 3 |  3.1
Crossbows      | 1 2 3 |  3.1
Throwing       | 1 2 3 |  3.1
Dodging        | 1 2 3 |  3.1
Stealth        | 1 2 3 |  3.1
Shields        | 1 2 3 |  3.1
Unarmed Combat | 1 2 3 |  3.1
Conjurations   | 1 2 |  2.5
Hexes          | 1 2 |  2.5
Charms         | 1 2 |  2.5
Summonings     | 1 2 |  2.5
Necromancy     | 1 2 |  2.5
Translocations | 1 2 |  2.5
Transmutations | 1 2 |  2.5
Air Magic      | 1 2 |  2.5
Earth Magic    | 1 2 |  2.5
Poison Magic   | 1 2 |  2.5
Bows           | 3 4 |  4.1
Armour         | 5 |  5.6
Evocations     | 5 |  5.6
Spellcasting   | |  7.8

Action                   |  1- 3 |  4- 6 |  7- 9 || total
-------------------------+-------+-------+-------++-------
Melee: Dagger            |   192 |     4 |       ||   196
       Bite              |    20 |    29 |    20 ||    69
       Falchion          |       |   182 |    63 ||   245
       Long sword        |       |       |    66 ||    66
       Flail             |       |       |    44 ||    44
 Fire: Blowgun           |     8 |    19 |    16 ||    43
Throw: Stone             |       |       |     4 ||     4
 Cast: Freeze            |     2 |       |       ||     2
  Use: Scroll            |     3 |     3 |     3 ||     9
       Potion            |       |     1 |     6 ||     7
 Stab: Sleeping          |       |     2 |     1 ||     3
  Eat: Chunk             |     2 |     8 |     1 ||    11
       Ration            |       |       |     2 ||     2
Armor: Scale mail        |   106 |   141 |   114 ||   361
Dodge: Dodged            |    94 |    96 |   114 ||   304
Block: Buckler           |       |    17 |    51 ||    68
       Rpst.: Falchion   |       |    29 |     8 ||    37
       Long sword        |       |       |    12 ||    12

Table legend:
 A = Non-vault XP
 B = Vault XP
 C = Vault XP percentage of total XP
 D = Non-vault monster count
 E = Vault monster count
 F = Vault count percentage of total count
                 A         B        C        D         E       F
            +---------+---------+-------+---------+---------+-------
      Total |    1118 |     470 |  29.6 |      96 |      15 |  13.5
            +---------+---------+-------+---------+---------+-------
        D:1 |      40 |       4 |   9.1 |      19 |       2 |   9.5
        D:2 |      35 |       0 |   0.0 |      11 |       0 |   0.0
        D:3 |      68 |      37 |  35.2 |      29 |       2 |   6.5
        D:4 |     332 |     191 |  36.5 |      14 |       9 |  39.1
        D:5 |     643 |     238 |  27.0 |      23 |       2 |   8.0
            +---------+---------+-------+---------+---------+-------
